Map: Star Crafts Mod

Players

Yata - Winner!

  • Race: Zerg Zerg
  • League: Platinum
  • Spawn Location: 9:00

Kronos

  • Race: Protoss Protoss
  • Spawn Location: 6:00

VOD

Have the link to the VOD?

Description

Time

  • Played on: Nov. 7, 2017, 10:52 p.m.
  • Length: 9:49
Show
View Real Time Build Order
Export as new Build Order

Yata Zerg - Winner!

Build Orders: Hatch First 

Get SALT Encoding   

  12  0:02  Drone  
  13  0:12  Overlord  
  13  0:17  Drone  
  14  0:31  Drone x2  
  14  0:34  Drone  
  17  0:54  Hatchery  
  17  0:55  Drone  
  17  1:00  Drone  
  18  1:09  Extractor  
  17  1:14  Spawning Pool  
  17  1:17  Drone  
  17  1:20  Drone  
  18  1:28  Drone  
  19  1:38  Overlord  
  19  1:52  Drone  
  20  2:03  Queen  
  20  2:06  Overlord  
  22  2:10  Queen  
  22  2:13  Zergling x4  
  22  2:15  Metabolic Boost  
  26  2:20  Drone  
  26  2:21  Evolution Chamber  
  26  2:26  Drone  
  27  2:32  Baneling Nest  
  27  2:33  Drone  
  27  2:37  Drone  
  27  2:44  Drone x2  
  30  2:54  Drone x2  
  32  3:00  Drone  
  33  3:10  Pneumatized Carapace  
  33  3:14  Zergling x4  
  35  3:21  Drone x6  
  41  3:38  Drone x3  
  44  3:47  Overlord x3  
  43  4:04  Baneling  
  43  4:06  Drone x4  
  43  4:07  Drone x2  
  47  4:30  Extractor x2  
  44  4:31  Hatchery  
  44  4:37  Lair  
  43  4:40  Zerg Melee Weapons Level 1  
  43  4:43  Zergling x8  
  43  4:44  Zergling x8  
  51  4:53  Drone x2  
  51  4:54  Drone x2  
  55  5:14  Evolution Chamber  
  54  5:17  Drone x5  
  58  5:32  Drone x2  
  58  5:33  Drone x4  
  64  5:36  Zergling x2  
  64  5:42  Hydralisk Den  
  62  5:51  Queen  
  63  6:01  Queen  
  63  6:04  Centrifical Hooks  
  65  6:06  Zerg Ground Armor Level 1  
  65  6:11  Drone x4  
  67  6:13  Hydralisk x2  
  67  6:17  Overlord x3  
  67  6:18  Overlord x7  
  73  6:35  Queen  
  73  6:36  Hydralisk  
  73  6:37  Hydralisk x4  
  85  6:47  Queen  
  85  6:48  Queen  
  85  6:51  Hydralisk  
  85  6:52  Hydralisk x4  
  99  6:57  Zergling x2  
  99  6:58  Zergling x6  
  103  7:07  Zergling x2  
  103  7:08  Zergling x8  
  108  7:11  Queen  
  108  7:14  Baneling x2  
  108  7:15  Zergling x2, Baneling x3  
  110  7:16  Zergling x12  
  110  7:17  Zergling x2  
  110  7:19  Hatchery  
  117  7:27  Muscular Augments  
  117  7:36  Hydralisk  
  117  7:37  Hydralisk  
  117  7:43  Overseer  
  121  7:46  Queen  
  123  7:56  Zergling x14  
  123  7:57  Zergling x18  
  114  8:13  Infestation Pit  
  114  8:14  Zergling x10  
  113  8:24  Zergling x10  
  113  8:25  Zergling x6  
  105  8:35  Hydralisk  
  105  8:36  Hydralisk x4  
  115  8:46  Hydralisk  
  115  8:47  Hydralisk  
  111  8:51  Zergling x10  
  111  8:52  Zergling x4  
  111  8:54  Baneling x2  
  111  8:55  Baneling x3  
  115  8:58  Zergling x2  
  115  8:59  Zergling x6  
  117  9:17  Hydralisk  
  117  9:18  Hydralisk x3  
  123  9:24  Zergling x6  
  123  9:25  Zergling x16  
Show
View Real Time Build Order
Export as new Build Order

Kronos Protoss 

Build Orders: 1 Gate Expand 

Get SALT Encoding   

  12  0:05  Probe (Chrono Boost)  
  13  0:17  Probe (Chrono Boost)  
  14  0:30  Pylon  
  14  0:31  Probe (Chrono Boost)  
  15  0:42  Assimilator  
  16  0:50  Probe (Chrono Boost)  
  16  0:54  Gateway  
  16  1:02  Probe (Chrono Boost)  
  17  1:14  Pylon, Probe (Chrono Boost)  
  19  1:27  Probe (Chrono Boost)  
  19  1:36  Nexus  
  19  1:39  Probe (Chrono Boost)  
  20  1:47  Cybernetics Core  
  20  1:51  Probe (Chrono Boost)  
  21  2:00  Zealot  
  23  2:03  Probe (Chrono Boost)  
  24  2:17  Probe (Chrono Boost)  
  24  2:19  Assimilator  
  25  2:25  Warp Gate  
  26  2:37  Probe (Chrono Boost)  
  26  2:40  Nexus  
  26  2:49  Probe (Chrono Boost)  
  27  3:00  Zealot  
  27  3:03  Probe (Chrono Boost)  
  27  3:04  Probe (Chrono Boost)  
  27  3:05  Robotics Facility  
  31  3:23  Probe x2 (Chrono Boost)  
  33  3:31  Zealot  
  35  3:51  Probe (Chrono Boost)  
  35  3:52  Probe (Chrono Boost)  
  34  4:03  Probe (Chrono Boost)  
  31  4:29  Gateway  
  31  4:30  Gateway  
  29  4:31  Gateway  
  29  4:34  Probe (Chrono Boost)  
  29  4:35  Probe x2 (Chrono Boost)  
  34  4:46  Probe (Chrono Boost)  
  34  4:47  Probe (Chrono Boost)  
  35  4:54  Probe (Chrono Boost)  
  35  5:04  Robotics Bay  
  35  5:05  Probe x2 (Chrono Boost)  
  37  5:08  Zealot  
  37  5:13  Probe (Chrono Boost)  
  40  5:27  Pylon  
  38  5:31  Pylon  
  38  5:34  Zealot x4  
  45  5:49  Gateway  
  45  5:50  Gateway  
  45  5:52  Gateway  
  45  5:54  Gateway  
  47  5:58  Probe x2 (Chrono Boost)  
  47  6:04  Stalker x3  
  47  6:05  Stalker  
  55  6:23  Probe x2 (Chrono Boost)  
  57  6:36  Pylon  
  57  6:40  Pylon  
  57  6:46  Nexus  
  57  6:53  Colossus  
  63  6:56  Stalker x3  
  71  7:09  Probe x2 (Chrono Boost)  
  72  7:24  Probe x2 (Chrono Boost)  
  73  7:30  Forge  
  73  7:40  Extended Thermal Lance  
  73  7:41  Pylon  
  73  7:45  Pylon  
  73  7:57  Zealot x3  
  73  7:58  Zealot x5  
  84  8:13  Probe x3 (Chrono Boost)  
  74  8:21  Zealot  
  74  8:22  Zealot x5  
  74  8:23  Zealot x2  
  68  8:40  Twilight Council  
  65  8:43  Zealot x3  
  55  9:00  Zealot x5  
  53  9:12  Stalker  
  53  9:13  Stalker x2  
Tags
 
Add a new tag
Caveats
  • Supply blocks, unpowered buildings, or Contaminate may cause inaccurate times.
  • Supply counts are checked every 10 seconds.